 Dungeon Crawl Stone Soup version 0.19.4 (webtiles) character file.

2940 Agrougrou the Thaumaturge (level 9, -6/45 HPs)
             Began as a Deep Elf Conjurer on Feb 4, 2017.
             Was a Follower of Sif Muna.
             Mangled by a two-headed ogre
             ... wielding a +0 giant club
              (22 damage)
             ... on level 8 of the Dungeon.
             The game lasted 01:03:04 (7171 turns).

Agrougrou the Thaumaturge (Deep Elf Conjurer)       Turns: 7171, Time: 01:03:05

Health: -6/45      AC:  9    Str:  5    XL:     9   Next: 51%
Magic:  4/26       EV: 13    Int: 27    God:    Sif Muna [*.....]
Gold:   284        SH:  0    Dex: 15    Spells: 5 memorised, 14 levels left

rFire  . . .     SeeInvis .     (no weapon)
rCold  . . .     Gourm    .     a - +0 robe
rNeg   . . .     Faith    .     (no shield)
rPois  .         Spirit   .     y - +1 helmet {Int+3}
rElec  .         Reflect  .     H - +0 cloak
rCorr  .         Harm     .     E - +2 pair of gloves
MR     .....                    I - +0 pair of boots
Stlth  +++.......               s - amulet of magic regeneration
                                (no ring)
                                C - +3 ring of slaying

@: no status effects
A: no striking features
a: Divine Energy, Renounce Religion


You were on level 8 of the Dungeon.
You worshipped Sif Muna.
Sif Muna was aware of your devotion.
You were hungry.

You visited 2 branches of the dungeon, and saw 9 of its levels.

You collected 284 gold pieces.

Inventory:

Hand Weapons
 G - a +2 quarterstaff of chaos
Missiles
 d - 180 stones (quivered)
Armour
 a - a +0 robe (worn)
 y - a +1 helmet of intelligence (worn)
 E - a +2 pair of gloves (worn)
 H - a +0 cloak (worn)
 I - a +0 pair of boots (worn)
Jewellery
 s - an amulet of magic regeneration (around neck)
 C - a +3 ring of slaying (left hand)
Wands
 K - a wand of lightning (6/15)
 L - a wand of disintegration (15/24)
 M - a wand of polymorph (9/24)
Scrolls
 g - 4 scrolls of remove curse {unknown}
 h - a scroll of fear {unknown}
 j - 3 scrolls of teleportation {unknown}
 k - 2 scrolls of random uselessness {unknown}
 l - a scroll of enchant weapon {unknown}
 q - 2 scrolls of noise {unknown}
 r - a scroll of immolation {unknown}
 u - 4 scrolls of recharging {unknown}
 v - 8 scrolls of identify {unknown}
 x - 3 scrolls of magic mapping {unknown}
 A - a scroll of enchant armour {unknown}
 J - 2 scrolls of blinking {unknown}
Potions
 e - 2 potions of invisibility {unknown}
 f - 4 potions of curing {unknown}
 i - a potion of brilliance {unknown}
 m - a potion of resistance {unknown}
 n - a potion of ambrosia {unknown}
 t - a potion of agility {unknown}
 w - a potion of mutation {unknown}
 z - 3 potions of cancellation {unknown}
 D - 2 potions of lignification {unknown}
 F - a potion of heal wounds
 O - a potion of flight {unknown}
Books
 b - a book of Conjurations

   Spells                             Type                      Level
   a - Magic Dart                     Conjuration                  1
   b - Searing Ray                    Conjuration                  2
   c - Dazzling Spray                 Conjuration/Hexes            3
   d - Fulminant Prism                Conjuration/Hexes            4
   e - Iskenderun's Mystic Blast      Conjuration                  4
   f - Iskenderun's Battlesphere      Conjuration/Charms           5
 B - a book of Cantrips

   Spells                             Type                      Level
   a - Confusing Touch                Hexes                        1
   b - Animate Skeleton               Necromancy                   1
   c - Summon Small Mammal            Summoning                    1
   d - Apportation                    Translocation                1
 P - a book of Conjurations

   Spells                             Type                      Level
   a - Magic Dart                     Conjuration                  1
   b - Searing Ray                    Conjuration                  2
   c - Dazzling Spray                 Conjuration/Hexes            3
   d - Fulminant Prism                Conjuration/Hexes            4
   e - Iskenderun's Mystic Blast      Conjuration                  4
   f - Iskenderun's Battlesphere      Conjuration/Charms           5
Comestibles
 c - 3 bread rations
 o - 4 meat rations
 p - 9 fruits
 N - a beef jerky


   Skills:
 - Level 0.2 Fighting
 + Level 2.8 Dodging
 + Level 5.3 Stealth
 * Level 11.0 Spellcasting
 * Level 10.4 Conjurations
 * Level 3.7 Hexes
 * Level 3.1 Charms


You had 14 spell levels left.
You knew the following spells:

 Your Spells              Type           Power        Failure   Level  Hunger
a - Magic Dart            Conj           ####         1%          1    None
b - Searing Ray           Conj           ######       1%          2    None
c - Iskenderun's Mystic   Conj           ######..     1%          4    None
d - Fulminant Prism       Conj/Hex       ######....   2%          4    None
e - Iskenderun's Battles  Conj/Chrm      ######..     8%          5    ###....


Dungeon Overview and Level Annotations

Branches:
Dungeon (8/15)             Temple (1/1) D:7
   Lair: D:8-11

Altars:
Ashenzari
Cheibriados
Dithmenos
Elyvilon
Fedhas
Gozag
Hepliaklqana
Kikubaaqudgha
Makhleb
Nemelex Xobeh
Okawaru
Qazlal
Ru
Sif Muna
Trog
Uskayaw
Vehumet
Xom
Yredelemnul
Zin
The Shining One

Shops:
D:4 [

Annotations:
D:8 Joseph, Maurice


Message History

Aim: a gnoll sergeant, wielding a trident and wearing a scale mail (almost dead)
The orb of energy hits the gnoll sergeant.
You kill the gnoll sergeant!
Sif Muna accepts your kill.
Your Spellcasting skill increases to level 11!
The orb of energy explodes!
The mystic blast hits the gnoll.
You kill the gnoll!
Sif Muna accepts your kill.
You are feeling hungry.
Okay, then.
A gnoll comes into view. It is wielding a spear of flaming.
The gnoll moves out of view.
The gnoll shouts!
A two-headed ogre comes into view.
It is wielding a giant club and a giant spiked club.
The two-headed ogre hits you with a giant club!
The two-headed ogre hits you with a giant spiked club!
There is a stone staircase leading down here.
You see here an adder skeleton.
The two-headed ogre hits you with a giant club!!
You die...

##.....# ######.......
#### ...#........ # ...
##.......... ##.
###.#####...........
....##.............).....
.......#.....##.#.)......
.......##....g..##....)).
.......<@O..>######.....#
.................. ......
#..##.#.#....##### ######
# #........# .......#.##
......#.....
......###.... .......#
###.


You could see a two-headed ogre and a gnoll.

Vanquished Creatures
  Prince Ribbit (D:7)
  Eustachio (D:5)
  Duvessa (D:7)
  The ghost of Thrillho the Firebug, an amateur DEFE (D:3)
  3 ice beasts
  5 ogres
  A sky beast (D:7)
  2 phantoms
  2 centaurs (D:6)
  4 bullfrogs
  A gnoll sergeant (D:8)
  Dowan (D:7)
  2 howler monkeys
  A crimson imp (D:6)
  A quasit (D:5)
  Crazy Yiuf (D:5)
  A jelly (D:7)
  4 orc priests
  A bullfrog zombie (D:5)
  2 hounds
  2 orc wizards
  2 iguanas (D:7)
  3 worker ants
  7 gnolls
  9 adders
  A shadow imp (D:6)
  3 oozes
  3 adder skeletons
  3 worms
  A dart slug (D:2)
  9 leopard geckos
  18 orcs
  2 ball pythons
  6 giant cockroaches
  8 goblins
  8 hobgoblins
  3 jackals (D:5)
  3 quokkas
  10 bats
  6 frilled lizards
  3 kobolds
  7 rats
153 creatures vanquished.

Vanquished Creatures (others)
  14 fulminant prisms
14 creatures vanquished.

Grand Total: 167 creatures vanquished

Notes
Turn   | Place    | Note
-------+----------+-------------------------------------------
     0 | D:1      | Agrougrou the Deep Elf Conjurer began the quest for the Orb.
     0 | D:1      | Reached XP level 1. HP: 10/10 MP: 6/6
   386 | D:1      | Reached XP level 2. HP: 15/15 MP: 4/8
   399 | D:1      | Learned a level 2 spell: Searing Ray
   483 | D:1      | Reached skill level 5 in Conjurations
   766 | D:2      | Found a hide-covered altar of Uskayaw.
   766 | D:2      | Noticed a dagger
   766 | D:2      | Noticed an enchanted hand axe
  1018 | D:2      | Reached XP level 3. HP: 19/19 MP: 5/9
  1353 | D:2      | Reached XP level 4. HP: 24/24 MP: 8/11
  1359 | D:2      | Learned a level 4 spell: Iskenderun's Mystic Blast
  1799 | D:3      | Noticed Thrillho's ghost (amateur DEFE)
  1862 | D:3      | Killed Thrillho's ghost
  1862 | D:3      | Reached skill level 4 in Spellcasting
  1862 | D:3      | Reached XP level 5. HP: 28/28 MP: 3/13
  1968 | D:3      | Found a stormy altar of Qazlal.
  2425 | D:4      | Learned a level 4 spell: Fulminant Prism
  2474 | D:4      | Reached XP level 6. HP: 15/32 MP: 6/15
  2866 | D:4      | Reached skill level 5 in Spellcasting
  2958 | D:4      | Reached skill level 6 in Spellcasting
  2992 | D:4      | Reached XP level 7. HP: 36/36 MP: 6/18
  3181 | D:4      | Found Peusen's Armour Boutique.
  3269 | D:5      | Entered Level 5 of the Dungeon
  3339 | D:5      | Noticed Eustachio
  3387 | D:5      | Killed Eustachio
  3390 | D:5      | Reached skill level 7 in Spellcasting
  3961 | D:5      | Reached XP level 8. HP: 41/41 MP: 19/21
  4141 | D:5      | Found a runed door.
  4151 | D:5      | Learned a level 5 spell: Iskenderun's Battlesphere
  4165 | D:5      | Noticed Crazy Yiuf
  4178 | D:5      | Killed Crazy Yiuf
  4604 | D:6      | Reached skill level 8 in Spellcasting
  4604 | D:6      | Reached skill level 1 in Hexes
  4828 | D:6      | Found a sparkling altar of Nemelex Xobeh.
  4944 | D:6      | Reached skill level 5 in Stealth
  4976 | D:6      | Reached skill level 1 in Charms
  5261 | D:6      | Found a basalt altar of Yredelemnul.
  5579 | D:7      | Reached skill level 9 in Spellcasting
  5925 | D:7      | Noticed Duvessa
  6121 | D:7      | Found a staircase to the Ecumenical Temple.
  6132 | Temple   | Entered the Ecumenical Temple
  6183 | Temple   | Became a worshipper of Sif Muna the Loreminder
  6206 | D:7      | Noticed Prince Ribbit
  6209 | D:7      | Killed Prince Ribbit
  6209 | D:7      | Reached skill level 10 in Spellcasting
  6209 | D:7      | Reached XP level 9. HP: 45/45 MP: 10/25
  6249 | D:7      | Killed Duvessa
  6253 | D:7      | Noticed Dowan
  6253 | D:7      | Killed Dowan
  6316 | D:7      | Reached skill level 10 in Conjurations
  6425 | D:7      | Found an iron altar of Okawaru.
  6435 | D:7      | Reached * piety under Sif Muna
  6442 | D:7      | Found an opulent altar of Gozag.
  6443 | D:7      | Found a hazy altar of Hepliaklqana.
  6443 | D:7      | Found a blossoming altar of Fedhas.
  6447 | D:7      | Found a radiant altar of Vehumet.
  6830 | D:8      | Noticed Maurice
  6831 | D:8      | Noticed Joseph
  7159 | D:8      | Reached skill level 11 in Spellcasting
  7171 | D:8      | Mangled by a two-headed ogre

Skill      XL: |  1  2  3  4  5  6  7  8  9 |
---------------+----------------------------+-----
Conjurations   | 5 6 7 8 9 10 | 10.4
Stealth        | 3 4 5 |  5.3
Spellcasting   | 4 6 7 10 11 | 11.0
Hexes          | 2 3 |  3.7
Charms         | 2 3 |  3.1
Fighting       | |  0.2
Dodging        | |  2.8

Action                   |  1- 3 |  4- 6 |  7- 9 || total
-------------------------+-------+-------+-------++-------
Melee: Unarmed           |       |       |     2 ||     2
 Cast: Magic Dart        |    62 |    61 |   107 ||   230
       Searing Ray       |     4 |    13 |    18 ||    35
       Iskenderun's Myst |       |     3 |    48 ||    51
       Fulminant Prism   |       |     2 |    12 ||    14
       Iskenderun's Batt |       |       |     7 ||     7
  Eat: Chunk             |     1 |     5 |    13 ||    19
       Beef jerky        |       |     1 |       ||     1
       Royal jelly       |       |       |     1 ||     1
Armor: Robe              |     1 |     1 |    20 ||    22
Dodge: Dodged            |     7 |     5 |    35 ||    47
